 Dungeon Crawl Stone Soup version 0.29.1-1-gd02db6906a (webtiles) character file.

Game seed: 11431465984517453908

981 Godmorgon the Zephyrmancer (level 8, -8/41 HPs)
             Began as a Tengu Air Elementalist on Oct 15, 2022.
             Mangled by an orc warrior
             ... wielding a +3 vampiric long sword
              (14 damage)
             ... on level 7 of the Dungeon.
             The game lasted 00:20:26 (7891 turns).

Godmorgon the Zephyrmancer (Tengu Air Elementalist) Turns: 7891, Time: 00:20:26

Health: -8/41      AC:  2    Str:  9    XL:     8   Next: 17%
Magic:  12/15      EV: 15    Int: 18    God:
Gold:   324        SH:  0    Dex: 20    Spells: 9/16 levels left

rFire   . . .      SeeInvis .   a - +2 dagger (venom)
rCold   . . .      Faith    .   (no shield)
rNeg    . . .      Spirit   .   e - +0 robe
rPois   .          Reflect  .   (helmet restricted)
rElec   .          Harm     .   (no cloak)
rCorr   .          Rampage  .   (no gloves)
Will    .....                   (boots unavailable)
Stlth   ++........              (no amulet)
HPRegen 0.13/turn               v - +6 ring of dexterity
MPRegen 0.14/turn               (no ring)

@: about to teleport, flying quickly and evasively, mesmerised, quick
A: beak, talons 3, nimble flight
a: no special abilities


You were on level 7 of the Dungeon.
You visited 2 branches of the dungeon, and saw 8 of its levels.

You collected 324 gold pieces.

Inventory:

Hand Weapons
 a - a +2 dagger of venom (weapon)
 b - a +2 scimitar of freezing
Missiles
 d - 21 poisoned darts
Armour
 e - a +0 robe (worn)
Magical Staves
 l - a staff of poison
Jewellery
 v - a +6 ring of dexterity (left hand)
Scrolls
 c - a scroll of identify
 g - a scroll of teleportation
 h - a scroll of fear {unknown}
 k - a scroll of butterflies {unknown}
 m - a scroll of enchant weapon {unknown}
 r - a scroll of poison {unknown}
 s - a scroll of vulnerability {unknown}
Potions
 f - a potion of cancellation {unknown}
 i - a potion of degeneration {unknown}
 j - 3 potions of curing {unknown}
 n - 3 potions of flight {unknown}
 o - 2 potions of lignification {unknown}
 p - a potion of might {unknown}
 q - a potion of resistance {unknown}
 t - a potion of berserk rage
 u - a potion of magic


   Skills:
 - Level 2.1 Dodging
 - Level 2.0 Stealth
 + Level 4.5 Spellcasting
 + Level 6.0 Conjurations
 * Level 9.4 Air Magic


You had 9 spell levels left.
You knew the following spells:

 Your Spells              Type           Power      Damage    Failure   Level
a - Airstrike             Air            19%        2d(3-19)  2%          4
d - Static Discharge      Conj/Air       32%        3-7/arc   1%          2
s - Shock                 Conj/Air       100%       1d9       1%          1

Your spell library contained the following spells:

 Spells                   Type           Power      Damage    Failure   Level
 Swiftness                Air            38%        N/A       1%          3
 Stone Arrow              Conj/Erth      30%        3d8       12%         3
 Beastly Appendage        Tmut           8%         N/A       14%         1
 Wereblood                Tmut           4%         N/A       22%         2
 Spider Form              Tmut/Pois      4%         N/A       38%         3
 Animate Armour           Summ/Erth      8%         N/A       80%         4
 Cause Fear               Hex            2%         N/A       80%         4
 Dragon Form              Tmut           2%         N/A       100%        7
 Lehudib's Crystal Spear  Conj/Erth      7%         10d3      100%        8
 Dragon's Call            Summ           2%         N/A       100%        9


Dungeon Overview and Level Annotations

Branches:
Dungeon (7/15)             Temple (1/1) D:4

Altars:
Ashenzari
Cheibriados
Dithmenos
Elyvilon
Fedhas
Gozag
Hepliaklqana
Kikubaaqudgha
Makhleb
Okawaru
Ru
Sif Muna
Trog
Uskayaw
Wu Jian
Zin
The Shining One

Annotations:
D:7 Maggie


Innate Abilities, Weirdness & Mutations

You have a beak for a mouth.
You have claws for feet.
Your magical nature lets you fly swiftly and evasively.


Message History

Casting: Static Discharge (safe; 1% risk of failure)
Confirm with . or Enter, or press ? or * to list all spells.
The orc warrior is struck by an arc of lightning.
The orc warrior is heavily wounded.
Something is struck by an arc of lightning.
Maggie is struck by an arc of lightning.
Maggie is lightly wounded.
Something is struck by an arc of lightning.
You feel a bit more experienced.
The lightning grounds out.
You hear a shout!
The orc warrior hits you with a +3 vampiric long sword!
The orc warrior draws strength from your wounds!
Maggie hits you from afar with a +2 glaive of flaming!
* * * LOW HITPOINT WARNING * * *
Maggie burns you.
* * * LOW HITPOINT WARNING * * *
Casting: Static Discharge (safe; 1% risk of failure)
Confirm with . or Enter, or press ? or * to list all spells.
Okay, then.
Maggie gestures wildly while chanting.
Maggie attempts to bespell you!
You easily resist.
Maggie casts a spell.
Maggie attempts to bespell you!
You are mesmerised by Maggie!
Okay, then.
Okay, then.
Casting: Static Discharge (safe; 1% risk of failure)
Confirm with . or Enter, or press ? or * to list all spells.
Aiming: Shock (safe; 1% risk of failure)
Press: ? - help, Shift-Dir - straight line, f - orc warrior
Aim: an orc warrior, wielding a +3 vampiric long sword and wearing a +0 plate armour (lightly wounded, 74% to hit)
Okay, then.
Unknown command.
As you read the scroll labelled USALUN GIVYEL, it crumbles to dust.
It is a scroll of identify.
g - 2 scrolls of teleportation
As you read the scroll of teleportation, it crumbles to dust.
You feel strangely unstable.
The orc warrior hits you with a +3 vampiric long sword!
You die...

...# #. ##########...#
##.##### #.......##._.#
.#.......
#.#####.##...###
......... #.......##.....
#........ #....##.##.P.#
......... #.##.##.##.P.##
#.......
#######.##.......P..#
#..##.#o
#.............##@P..##.#
#.....oo
#.#####.#####.##o......#
####.ho# ....#
#.......##.....### #...#
#.#.############@♣..##
#..§# #.#...# #.o♣..#
#.o.# #.....# #..♣..#
######...# ###...# #..♣
.# ##......... ###..##
......))....# ....o..)...
.....#
......#......#.#o....)...


You could see Maggie (mesmerising), an orc warrior and an orc.

Vanquished Creatures
  An orc warrior (D:6)
  A black bear (D:6)
  A sky beast (D:6)
  A kobold brigand (D:7)
  A bullfrog (D:6)
  4 wights (D:7)
  A hound (D:4)
  3 jellies (D:6)
  An iguana (D:6)
  3 orc wizards (D:6)
  6 adders
  An ufetubus (D:6)
  2 worms
  2 dart slugs
  13 orcs
  4 endoplasms
  2 giant cockroaches
  6 goblins
  5 hobgoblins
  3 jackals (D:1)
  11 kobolds
  6 quokkas
  7 ball pythons
  7 bats
  2 frilled lizards
  4 rats
98 creatures vanquished.

Notes
Turn   | Place    | Note
-------+----------+-------------------------------------------
     0 | D:1      | Godmorgon the Tengu Air Elementalist began the quest for
                  | the Orb.
     0 | D:1      | Reached XP level 1. HP: 10/10 MP: 4/4
   267 | D:1      | Reached XP level 2. HP: 15/15 MP: 3/6
   270 | D:1      | Learned a level 2 spell: Static Discharge
   875 | D:1      | Found a faded altar of an unknown god.
  1176 | D:1      | Reached XP level 3. HP: 13/19 MP: 0/7
  1752 | D:2      | Reached skill level 5 in Air Magic
  2136 | D:2      | Reached XP level 4. HP: 21/24 MP: 0/8
  2236 | D:2      | Learned a level 4 spell: Airstrike
  4346 | D:3      | Identified the +10 short sword "Conservator" {antimagic,
                  | rC- Will+ Str+2 SInv}
  4678 | D:4      | Gained mutation: Your magical nature lets you fly swiftly
                  | and evasively. [Tengu growth]
  4678 | D:4      | Reached XP level 5. HP: 25/28 MP: 10/10
  4685 | D:4      | Found a staircase to the Ecumenical Temple.
  4689 | Temple   | Entered the Ecumenical Temple
  4842 | D:4      | Found an ornate altar of the Wu Jian Council.
  4848 | D:4      | Reached skill level 6 in Air Magic
  4894 | D:5      | Entered Level 5 of the Dungeon
  4960 | D:5      | Found a burning altar of Makhleb.
  5409 | D:6      | Reached XP level 6. HP: 22/32 MP: 6/11
  5579 | D:6      | Noticed an orc warrior
  5684 | D:6      | Reached skill level 7 in Air Magic
  5756 | D:6      | Found a broken altar of Ashenzari.
  5921 | D:6      | Killed an orc warrior
  6120 | D:6      | Reached XP level 7. HP: 34/36 MP: 6/13
  6446 | D:6      | Reached skill level 5 in Conjurations
  6446 | D:6      | Reached skill level 8 in Air Magic
  6558 | D:6      | Found a hazy altar of Hepliaklqana.
  6931 | D:6      | Found a shimmering blue altar of Sif Muna.
  7220 | D:7      | Reached skill level 9 in Air Magic
  7220 | D:7      | Reached XP level 8. HP: 41/41 MP: 1/15
  7364 | D:7      | Found a white marble altar of Elyvilon.
  7681 | D:7      | Noticed Maggie
  7874 | D:7      | Found a bloodstained altar of Trog.
  7891 | D:7      | Mangled by an orc warrior

Illustrated notes

Levels and vault maps discovered:
D:1:      minmay_arrival_four_loops, layout_loops_corners,
          chequers_ecumenical_altar_simple
D:2:      layout_basic
D:3:      layout_basic
D:4:      layout_basic, mainiacjoe_overflow_brackets,
          minmay_temple_entry_sparse_star, serial_glass, glass_columns_a,
          glass_columns_a, uniq_blork_the_orc
D:5:      layout_basic, nemelex_spade_bored_becter,
          mainiacjoe_overflow_small_starburst, serial_rivers,
          chequers_serial_rivers_room_a, chequers_serial_rivers_micro_d,
          chequers_serial_rivers_micro_d, chequers_serial_rivers_small_3,
          chequers_serial_rivers_micro_c
D:6:      nicolae_BIG_FREAKIN_CUBE, layout_basic,
          mainiacjoe_overflow_surrounded_room, mainiacjoe_overflow_chevrons,
          lemuel_blue_sif_altar
D:7:      layout_loops_cross, mainiacjoe_overflow_boulevard,
          mainiacjoe_overflow_alcove_1, uniq_maggie
Temple:   cyrus_temple_forest

Skill      XL: |  1  2  3  4  5  6  7  8 |
---------------+-------------------------+-----
Conjurations   | 2 3 4 5 6 |  6.0
Air Magic      | 5 6 7 9 |  9.4
Spellcasting   | 3 4 |  4.5
Dodging        | |  2.1
Stealth        | |  2.0

Action                   |  1- 3 |  4- 6 |  7- 9 || total
-------------------------+-------+-------+-------++-------
Melee: Whip              |     5 |       |       ||     5
       Peck              |     1 |     1 |       ||     2
       Punch             |     1 |       |       ||     1
       Dagger            |       |    17 |       ||    17
       Kick              |       |     3 |       ||     3
 Cast: Shock             |    15 |    15 |     5 ||    35
       Static Discharge  |    22 |    38 |    23 ||    83
       Airstrike         |       |       |     7 ||     7
  Use: Potion            |     2 |       |       ||     2
       Scroll            |       |     2 |     2 ||     4
 Stab: Sleeping          |       |     2 |       ||     2
Armor: Robe              |     1 |     4 |     4 ||     9
Dodge: Dodged            |    14 |    25 |    15 ||    54
